 Dungeon Crawl Stone Soup version 0.23.2-40-g277498a (webtiles) character file.

Game seed: 5536269026433346736

105482 axlevencent the Severer (level 16, 0/146 HPs)
             Began as a Hill Orc Fighter on Aug 19, 2019.
             Was the Champion of Beogh.
             Slain by a merfolk javelineer
             ... wielding a +2 spear of piercing
              (4 damage)
             ... on level 4 of the Shoals.
             The game lasted 02:37:28 (37317 turns).

axlevencent the Severer (Hill Orc Fighter)         Turns: 37317, Time: 02:37:32

Health: 0/146      AC: 19    Str: 36    XL:     16   Next: 41%
Magic:  16/16      EV: 10    Int:  8    God:    Beogh [******]
Gold:   2703       SH: 21    Dex: 10    Spells: 15/15 levels left

rFire    . . .     SeeInvis +   n - +3 broad axe
rCold    + + .     Gourm    .   y - +0 large shield
rNeg     . . .     Faith    .   H - +4 plate armour
rPois    +         Spirit   .   (helmet restricted)
rElec    .         Reflect  .   M - scarf {rC+ rF+}
rCorr    .         Harm     .   p - +0 pair of gloves
MR       +....     NoTele   +   (no boots)
Stlth    ..........             t - amulet of rage
HPRegen  0.34/turn              G - ring of see invisible
MPRegen  0.15/turn              I - ring of Temptation {Ice -Tele *Corrode rPois Str+10}

@: corroded
A: walk on water, antennae 2, yellow scales 1, blink
a: Blink, Smiting, Recall Orcish Followers, Give Item to Named Follower,
Resurrection, Renounce Religion, Evoke Berserk Rage


You were on level 4 of the Shoals.
You worshipped Beogh.
Beogh was exalted by your worship.
You were hungry.

You visited 5 branches of the dungeon, and saw 28 of its levels.

You collected 2703 gold pieces.

Inventory:

Hand Weapons
 n - a +3 broad axe (weapon)
 O - a +1 war axe
Missiles
 r - 12 silver tomahawks
 u - 6 throwing nets
 z - 122 tomahawks (quivered)
 J - 3 tomahawks of returning
 K - 13 poisoned tomahawks
Armour
 c - a +0 shield
 j - a +1 helmet
 p - a +0 pair of gloves (worn)
 y - a +0 large shield (worn)
 H - a +4 plate armour (worn)
 M - a scarf of resistance (worn)
Jewellery
 t - an amulet of rage (around neck)
 A - an uncursed ring of ice
 G - a ring of see invisible (left hand)
 I - the ring of Temptation (right hand) {Ice -Tele *Corrode rPois Str+10}
   (You found it on level 14 of the Dungeon)

   [ring of ice]

   It enhances your ice magic.
   It affects your strength (+10).
   It makes you vulnerable to fire.
   It protects you from cold.
   It protects you from poison.
   It prevents most forms of teleportation.
   It may corrode you when you take damage.
Wands
 b - a wand of digging (6)
 d - a wand of enslavement (5)
 k - a wand of polymorph (13)
 x - a wand of disintegration (24)
Scrolls
 o - a scroll of holy word
 v - a scroll of silence {unknown}
 B - 3 scrolls of fog
 C - 4 scrolls of blinking
 D - 3 scrolls of fear
 E - 11 scrolls of teleportation
 F - 4 scrolls of magic mapping
 L - 6 scrolls of remove curse
 N - a scroll of vulnerability {unknown}
Potions
 a - 5 potions of agility
 e - 4 potions of lignification
 g - 2 potions of invisibility
 h - 4 potions of ambrosia
 i - 4 potions of might
 l - 14 potions of curing
 m - 2 potions of haste
 q - 2 potions of resistance
 w - 2 potions of brilliance
 R - a potion of magic
 T - 2 potions of cancellation
Miscellaneous
 s - 2 sacks of spiders
 W - a phantom mirror
Comestibles
 f - 32 rations


   Skills:
 + Level 14.1 Fighting
 * Level 16.0 Axes
 + Level 10.8 Throwing
 + Level 13.1 Armour
 + Level 10.0 Dodging
 + Level 13.1 Shields


You had 15 spell levels left.
You didn't know any spells.
Your spell library contained the following spells:

 Spells                   Type           Power        Failure   Level  Hunger
 Poisonous Vapours        Pois/Air       #.....       100%        2    ###....
 Conjure Flame            Conj/Fire      #.......     100%        3    ####...
 Mephitic Cloud           Conj/Pois/Air  #.......     100%        3    ####...
 Freezing Cloud           Conj/Ice/Air   #.........   100%        6    #######
 Ring of Flames           Chrm/Fire      #.........   100%        7    #######


Dungeon Overview and Level Annotations

Branches:
Dungeon (15/15)            Temple (0/1) D:7            Lair (6/6) D:10
 Shoals (4/4) Lair:3        Snake (0/4) Lair:4        Slime (1/5) Lair:5
    Orc (2/2) D:12            Elf (0/3) Orc:2        Vaults (0/5) D:14
 Depths (0/5) D:15

Altars:
Ashenzari
Dithmenos
Fedhas
Hepliaklqana
Makhleb
Nemelex Xobeh
Okawaru
Ru
Trog
Uskayaw
Vehumet
Wu Jian
Xom
Beogh

Shops:
D:6 =   D:14 *   Orc:2 (}([

Annotations:
D:6 1 runed translucent door, zhovat1's ghost, novice SpEn
D:9 Maurice
D:11 exclusion: orange crystal statue
Shoals:4 exclusion: oklob plant, Ilsuiw


Innate Abilities, Weirdness & Mutations

You can walk on water.
You have a pair of antennae on your head.
You are partially covered in yellow scales. (AC +2)
You can translocate small distances at will.


Message History

You cannot read scrolls while unable to breathe!
You slip free of the water engulfing you.
You swap places.
You gasp with relief as air once again reaches your lungs.
The merfolk javelineer hits you but does no damage.
Okrist splashes around in the water.
The water elemental barely misses Okrist.
Syrus hits the merfolk javelineer but does no damage.
You block the water elemental's attack.
Jorge hits the water elemental with a +5 scimitar of flaming!!
Jorge burns the water elemental!
Ilsuiw hits you but does no damage.
You cannot blink because you are wearing the ring of Temptation {Ice -Tele *Corrode rPois Str+10}.
You slash the water elemental!
The water elemental is almost destroyed.
Your orc knight hits the water elemental from afar with a +0 glaive!!!
The water elemental is destroyed!
Marbork hits the water elemental from afar with a +1 glaive!!
The water elemental is destroyed!
The merfolk javelineer hits you from afar with a +2 spear of piercing.
You die...

≈≈≈≈≈≈≈≈≈...≈....## #....
≈≈≈≈≈≈≈≈.[.{.oo...###....
≈≈≈≈≈≈≈.....o≈≈≈≈≈o.#.o..
≈≈≈≈≈≈≈..##.....≈≈oo....(
≈≈≈≈≈≈≈.####...#.≈≈≈≈....
≈≈≈≈≈≈≈.#########.≈≈≈....
≈≈≈≈≈(≈o).........≈≈≈....
≈≈≈≈≈≈oo.o........≈≈....(
≈≈≈≈≈≈≈(@o........≈≈≈≈≈≈≈
≈≈≈≈≈≈≈oooo.......≈≈≈≈≈≈≈
≈≈≈≈≈≈≈m≈)m........≈≈≈≈≈≈
≈≈≈≈≈≈≈≈≈≈≈..... ....≈≈≈≈
≈≈≈≈≈≈≈≈≈≈≈≈.... ...(..≈≈
≈≈≈≈≈≈≈≈≈≈≈..... .......≈
≈≈≈≈≈≈≈≈≈#≈#≈... ........
≈≈≈≈≈≈≈≈#≈≈≈#≈.. ...(..≈≈
≈≈≈≈≈≈# ≈≈≈≈#.. ......≈≈


You could see Ilsuiw (invisible), a merfolk javelineer, the friendly Jorge the
orc warlord, the friendly Warbeogh the orc warlord, 2 friendly orc knights, the
friendly Bogdar the orc knight, the friendly Marbork the orc knight, the
friendly Okrist the orc knight and 2 friendly orc knights.

Vanquished Creatures
  A kraken (Shoals:1)
  Louise (Shoals:3)
  A stone giant (Orc:1)
  3 merfolk impalers
  2 catoblepae
  Erica (Lair:1)
  2 merfolk avatars
  3 two-headed ogres
  A merfolk aquamancer (Shoals:4)
  An unseen horror (D:12)
  5 harpies
  3 sea snakes
  A wizard (D:15)
  A deep elf mage (D:13)
  5 ugly things (D:15)
  4 cyclopes
  3 manticores
  A black mamba (Lair:4)
  A merfolk siren (Shoals:4)
  A centaur skeleton (D:15)
  6 spiny frogs
  2 yaktaurs (D:14)
  A rime drake (Lair:6)
  A kobold demonologist (D:15)
  2 polar bears (Lair:6)
  2 trolls
  13 merfolk
  3 dream sheep
  A snapping turtle (Shoals:1)
  A blink frog (Lair:1)
  7 hippogriffs
  4 slime creatures
  19 yaks
  2 wyverns
  3 water elementals
  2 hogs (D:7)
  2 basilisks
  A human (D:7)
  2 vampire mosquitoes
  2 hungry ghosts
  Menkaure (D:7)
  2 wargs (D:9)
  An insubstantial wisp (Lair:1)
  5 nagas (Lair:4)
  An acid dragon (D:14)
  2 porcupines
  6 water moccasins
  4 orc warriors
  An ice beast (D:5)
  A sky beast (D:8)
  A black bear (D:8)
  A necrophage (D:7)
  3 ogres
  3 wolves (Lair:4)
  4 centaurs
  7 crocodiles
  A big kobold (D:7)
  Blork the orc (D:4)
  7 bullfrogs
  2 gnoll sergeants (D:12)
  4 earth elementals (D:15)
  3 scorpions
  5 killer bees
  6 wights
  3 howler monkeys
  2 electric eels (Lair:1)
  A crimson imp (D:10)
  3 bullfrog zombies
  2 centaur zombies
  A quasit (D:13)
  A hound (D:8)
  2 jellies
  13 orc priests
  2 bullfrog skeletons
  10 orc wizards
  4 iguanas
  8 worker ants
  Ijyb (D:3)
  A hound skeleton (D:7)
  A worker ant zombie (D:7)
  8 adders
  9 gnolls
  2 shadow imps
  An ooze (D:2)
  2 adder skeletons (D:4)
  2 worms
  4 dart slugs
  A leopard gecko (D:10)
  35 orcs
  8 bats
  7 giant cockroaches
  13 goblins
  14 hobgoblins
  7 jackals
  5 quokkas
  2 ball pythons
  9 frilled lizards
  A giant cockroach zombie (D:6)
  20 kobolds
  A quokka zombie (D:9)
  7 rats
  A fungus (Lair:6)
  18 plants
  A tentacle (Shoals:1)
422 creatures vanquished.

Vanquished Creatures (collateral kills)
  Polyphemus (Shoals:3)
  Gastronok (Lair:2)
  An orc warlord (Orc:2)
  A merfolk javelineer (Shoals:4)
  Snorg (D:13)
  9 merfolk impalers
  9 hydras
  A merfolk avatar (Shoals:2)
  7 centaur warriors
  A catoblepas (Lair:2)
  A death knight (D:14)
  A two-headed ogre (D:12)
  An alligator snapping turtle (Shoals:4)
  4 death yaks (Shoals:3)
  4 merfolk aquamancers
  2 tengu warriors (D:14)
  An orc high priest (Orc:2)
  A wizard (D:14)
  2 unseen horrors
  11 sea snakes
  A phantasmal warrior (D:14)
  23 harpies
  A wolf spider zombie (D:15)
  A necromancer (D:15)
  3 orc sorcerers
  A shining eye (shapeshifter) (D:14)
  2 deep elf magi
  A wolf spider (D:15)
  4 cyclopes
  8 manticores
  2 fauns (Shoals:1)
  8 ugly things
  6 merfolk sirens
  A salamander (shapeshifter) (D:15)
  4 centaur zombies
  4 black mambas
  An elephant (Lair:6)
  3 centaur skeletons
  8 water nymphs
  12 spiny frogs
  A torpor snail (Lair:5)
  2 freezing wraiths (D:14)
  2 yaktaurs (D:14)
  A tengu conjurer (D:15)
  8 komodo dragons
  8 rime drakes
  Prince Ribbit (Lair:3)
  A hornet (Lair:6)
  25 merfolk
  7 trolls
  5 polar bears
  4 wind drakes
  7 hippogriffs
  20 blink frogs
  5 slime creatures
  A blink frog (shapeshifter) (D:15)
  3 dream sheep (Shoals:2)
  A vampire (D:14)
  8 snapping turtles
  7 water elementals
  A shadow (D:15)
  4 basilisks
  2 wyverns (Lair:6)
  26 yaks
  A hungry ghost (D:14)
  9 vampire mosquitoes
  2 wargs
  2 insubstantial wisps (Lair:1)
  A naga (Lair:4)
  A soldier ant (D:13)
  An acid dragon (D:15)
  2 porcupines (Lair:3)
  6 water moccasins
  13 orc warriors
  A sky beast (D:15)
  An ice beast (D:8)
  A phantom (D:13)
  2 wolves (Lair:4)
  13 ogres
  23 centaurs
  17 crocodiles
  2 gnoll sergeants (D:12)
  3 big kobolds
  10 bullfrogs
  3 earth elementals (D:15)
  8 killer bees
  2 electric eels
  3 wights (D:10)
  4 crimson imps
  A howler monkey (D:9)
  2 lava snakes (D:11)
  4 orc priests
  A hound (D:13)
  3 jellies
  11 orc wizards
  A worker ant (D:10)
  2 gnolls (D:12)
  A shadow imp (D:15)
  A leopard gecko (D:10)
  26 orcs
  3 goblins (D:11)
  5 kobolds (D:13)
  2 bushes
  A butterfly (Lair:2)
  30 fungi
  106 plants
  3 tentacles (Shoals:1)
638 creatures vanquished.

Vanquished Creatures (others)
  5 orc knights
  3 orc sorcerers
  11 orc warriors
  17 orc priests
  17 orc wizards
  88 orcs
  A jackal skeleton (D:4)
  2 fungi (Lair:6)
  4 plants
  5 tentacles (Shoals:1)
153 creatures vanquished.

Grand Total: 1213 creatures vanquished

Notes
Turn   | Place    | Note
-------+----------+-------------------------------------------
     0 | D:1      | axlevencent the Hill Orc Fighter began the quest for the
                  | Orb.
     0 | D:1      | Reached XP level 1. HP: 19/19 MP: 1/1
   195 | D:1      | Reached XP level 2. HP: 27/27 MP: 2/2
   295 | D:1      | Reached skill level 3 in Axes
   390 | D:1      | Reached XP level 3. HP: 30/33 MP: 3/3
  1294 | D:2      | Reached XP level 4. HP: 38/40 MP: 4/4
  1527 | D:2      | Found a hazy altar of Hepliaklqana.
  1570 | D:2      | Found a sparkling altar of Nemelex Xobeh.
  2004 | D:3      | Noticed Ijyb
  2009 | D:3      | Reached XP level 5. HP: 46/47 MP: 5/5
  2009 | D:3      | Paralysed by Ijyb for 7 turns
  2023 | D:3      | Killed Ijyb
  2023 | D:3      | Reached skill level 1 in Dodging
  2249 | D:3      | Became a worshipper of Beogh the Brigand
  2260 | D:3      | Reached skill level 4 in Axes
  2260 | D:3      | Reached skill level 1 in Throwing
  2497 | D:3      | Found a sparkling altar of Nemelex Xobeh.
  2528 | D:3      | Reached XP level 6. HP: 16/55 MP: 6/6
  2780 | D:3      | Found a hide-covered altar of Uskayaw.
  3215 | D:4      | Found a radiant altar of Vehumet.
  3292 | D:4      | Noticed Blork the orc
  3312 | D:4      | Killed Blork the orc
  3312 | D:4      | Reached skill level 5 in Fighting
  3475 | D:4      | Found a bloodstained altar of Trog.
  3635 | D:4      | Found a shattered altar of Ashenzari.
  3822 | D:4      | Reached XP level 7. HP: 49/61 MP: 7/7
  3958 | D:4      | Found a blossoming altar of Fedhas.
  3987 | D:4      | Reached * piety under Beogh
  4202 | D:4      | Reached skill level 5 in Axes
  4202 | D:4      | Reached skill level 5 in Armour
  4875 | D:5      | Entered Level 5 of the Dungeon
  4932 | D:5      | Found a burning altar of Makhleb.
  4945 | D:5      | Reached skill level 5 in Shields
  5107 | D:5      | Reached XP level 8. HP: 47/70 MP: 8/8
  5844 | D:6      | Found a runed translucent door.
  5844 | D:6      | Found a shimmering altar of Xom.
  5844 | D:6      | Noticed a +0 falchion of chaos
  5844 | D:6      | Noticed zhovat1's ghost (novice SpEn)
  6048 | D:6      | Reached skill level 6 in Axes
  6396 | D:6      | Reached ** piety under Beogh
  6810 | D:6      | Found Mased's Jewellery Boutique.
  7213 | D:7      | Noticed a yak
  7213 | D:7      | Noticed a yak
  7228 | D:7      | Reached XP level 9. HP: 63/78 MP: 9/9
  7238 | D:7      | Reached skill level 7 in Axes
  7466 | D:7      | HP: 3/79 [killer bee (3)]
  7866 | D:7      | Noticed Menkaure
  7878 | D:7      | Killed Menkaure
  8217 | D:7      | Found an iron altar of Okawaru.
  8350 | D:7      | Found a shadowy altar of Dithmenos.
  8506 | D:7      | Found a burning altar of Makhleb.
  8612 | D:7      | Identified a scroll of acquirement
  8620 | D:7      | Got a coiled silver ring
  8621 | D:7      | Identified the ring "Nyl Wat" {MR+ Dex+6 Slay-4} (You
                  | acquired it on level 7 of the Dungeon)
  8820 | D:7      | Found a staircase to the Ecumenical Temple.
  9002 | D:8      | Reached skill level 8 in Axes
  9138 | D:8      | Reached XP level 10. HP: 71/88 MP: 10/10
  9233 | D:8      | Reached *** piety under Beogh
  9740 | D:9      | Noticed a two-headed ogre
  9749 | D:9      | Killed a two-headed ogre
  9749 | D:9      | Reached skill level 5 in Throwing
 10036 | D:9      | Noticed Maurice
 10204 | D:9      | Found a shadowy altar of Dithmenos.
 10208 | D:9      | Got a steaming war axe
 10209 | D:9      | Identified the +4 war axe "Adduepin" {distort, +Blink rPois
                  | Int+4 Dex+2} (You found it on level 9 of the Dungeon)
 10603 | D:10     | Entered Level 10 of the Dungeon
 10603 | D:10     | Found a staircase to the Lair.
 11098 | D:10     | Reached skill level 9 in Axes
 11100 | D:10     | Reached skill level 5 in Dodging
 11933 | D:10     | Reached **** piety under Beogh
 11933 | D:10     | Reached XP level 11. HP: 63/95 MP: 11/11
 11939 | D:10     | Gained Warbeogh as an ally
 13440 | D:11     | Noticed a six-headed hydra
 13455 | D:11     | Killed a ten-headed hydra
 14081 | D:11     | Noticed a brown ugly thing
 14094 | D:11     | Killed a brown ugly thing
 14285 | D:11     | Reached skill level 10 in Axes
 14690 | D:11     | Gained Bogdar as an ally
 14820 | D:11     | Noticed an orange crystal statue
 14969 | D:12     | Noticed a deep elf mage
 14980 | D:12     | Killed a deep elf mage
 15005 | D:12     | Noticed a cyclops
 15016 | D:12     | Killed a cyclops
 15168 | D:12     | Noticed a two-headed ogre
 15175 | D:12     | Killed a two-headed ogre
 15197 | D:12     | Noticed a white ugly thing
 15208 | D:12     | Killed a white ugly thing
 15619 | D:12     | Killed an unseen horror
 15619 | D:12     | Reached ***** piety under Beogh
 15627 | D:12     | Got a jewelled buckler
 15628 | D:12     | Identified the cursed +0 buckler of Divine Intervention
                  | {rElec rPois} (You found it on level 12 of the Dungeon)
 15702 | D:12     | Found a staircase to the Orcish Mines.
 16025 | Orc:1    | Entered Level 1 of the Orcish Mines
 16152 | Orc:2    | Entered Level 2 of the Orcish Mines
 16156 | Orc:2    | Reached skill level 10 in Fighting
 16203 | Orc:2    | Found a roughly hewn altar of Beogh.
 16265 | Orc:2    | Found Xisorer's Antique Weapon Shoppe.
 16265 | Orc:2    | Noticed an orc high priest
 16265 | Orc:2    | Noticed an orc warlord
 16268 | Orc:2    | Noticed a sixfirhy
 16268 | Orc:2    | Found a roughly hewn altar of Beogh.
 16272 | Orc:2    | Reached XP level 12. HP: 57/106 MP: 12/12
 16274 | Orc:2    | HP: 2/106 [orc warlord/+0 great mace of crushing (8)]
 16277 | Orc:2    | Killed an orc high priest
 16280 | Orc:2    | Killed an orc warlord
 16468 | Orc:2    | Found Fopadwue's Antique Armour Emporium.
 16668 | Orc:2    | Paralysed by an orc sorcerer for 6 turns
 17451 | Orc:2    | Found a roughly hewn altar of Beogh.
 17453 | Orc:2    | Found Ifoep's Weapon Emporium.
 17514 | Orc:2    | Found a burning altar of Makhleb.
 17777 | Orc:2    | Found a roughly hewn altar of Beogh.
 17783 | Orc:2    | Found Ithit's Gadget Emporium.
 18096 | Orc:2    | Found a staircase to the Elven Halls.
 18559 | Orc:1    | Noticed a stone giant
 18571 | Orc:1    | Killed a stone giant
 18571 | Orc:1    | Reached skill level 11 in Axes
 19133 | D:12     | Noticed a two-headed ogre
 19146 | D:12     | Killed a two-headed ogre
 19721 | D:13     | Noticed a centaur warrior
 19722 | D:13     | Noticed Snorg
 19732 | D:13     | Noticed a centaur warrior
 19732 | D:13     | Killed a centaur warrior
 19820 | D:13     | Killed Snorg
 19820 | D:13     | Reached ****** piety under Beogh
 19826 | D:13     | Killed a centaur warrior
 20103 | D:13     | Reached skill level 10 in Armour
 20108 | D:13     | Reached skill level 10 in Shields
 20175 | D:13     | Found an ornate altar of the Wu Jian Council.
 20202 | D:13     | Noticed a two-headed ogre
 20211 | D:13     | Killed a two-headed ogre
 20222 | D:13     | Noticed a centaur warrior
 20231 | D:13     | Killed a centaur warrior
 20700 | D:13     | Noticed a centaur warrior
 20719 | D:13     | Killed a centaur warrior
 21203 | D:14     | Gained Korbok as an ally
 21219 | D:14     | Killed a centaur warrior
 21219 | D:14     | Reached XP level 13. HP: 116/116 MP: 13/13
 21293 | D:14     | Found Jaistrax's General Store.
 21305 | D:14     | Got a flickering amber ring
 21663 | D:14     | Found a gate to the Vaults.
 21702 | D:14     | Your ally Bogdar died
 21709 | D:14     | Reached skill level 12 in Axes
 22102 | D:14     | Found a shimmering altar of Xom.
 22215 | D:14     | Gained Marbork as an ally
 22753 | D:15     | Entered Level 15 of the Dungeon
 23077 | D:15     | Gained Brandogh as an ally
 23603 | D:15     | Got a scorched ring mail
 23705 | D:15     | Identified the +3 ring mail "Efuepih" {Regen+ Str-3 Dex+5
                  | Stlth-} (You found it on level 15 of the Dungeon)
 24253 | D:15     | Identified the ring of Temptation {Ice -Tele *Corrode rPois
                  | Str+10} (You found it on level 14 of the Dungeon)
 24647 | D:15     | Paralysed by an orc sorcerer for 7 turns
 24654 | D:15     | Reached XP level 14. HP: 126/126 MP: 14/14
 24683 | D:15     | Found a staircase to the Depths.
 25308 | Lair:1   | Entered Level 1 of the Lair of Beasts
 25331 | Lair:1   | Noticed Erica
 25345 | Lair:1   | Killed Erica
 25505 | Lair:1   | Reached skill level 13 in Axes
 26377 | Lair:2   | Found a sacrificial altar of Ru.
 26497 | Lair:2   | Noticed Gastronok
 26510 | Lair:2   | Killed Gastronok
 26645 | Lair:2   | Gained Syrus as an ally
 27376 | Lair:3   | Noticed Prince Ribbit
 27381 | Lair:3   | Killed Prince Ribbit
 27636 | Lair:3   | Found a staircase to the Shoals.
 28143 | Lair:4   | Found a staircase to the Snake Pit.
 28486 | Lair:4   | Gained Syrus as an ally
 28551 | Lair:4   | Gained mutation: You are resistant to hostile enchantments.
                  | (MR+) [potion of mutation]
 28551 | Lair:4   | Gained mutation: You are partially covered in yellow
                  | scales. (AC +2) [potion of mutation]
 28552 | Lair:4   | Lost mutation: You are resistant to hostile enchantments.
                  | (MR+) [potion of mutation]
 28552 | Lair:4   | Gained mutation: You expend magic power (3 MP) to
                  | strengthen your wands. [potion of mutation]
 28552 | Lair:4   | Gained mutation: You are frail. (-10% HP) [potion of
                  | mutation]
 28552 | Lair:4   | Gained mutation: You are partially covered in slimy green
                  | scales. (AC +2) [potion of mutation]
 29214 | Lair:5   | Found a staircase to the Slime Pits.
 29219 | Lair:5   | Gained Jorge as an ally
 29869 | Lair:6   | Entered Level 6 of the Lair of Beasts
 30118 | Lair:6   | Gained Okrist as an ally
 30267 | Lair:6   | Gained Bogfrid as an ally
 30548 | Lair:6   | Reached XP level 15. HP: 112/121 MP: 15/15
 30706 | Lair:6   | HP: 2/121 [drowned by a drowned soul[a merfolk avatar] (9)]
 31143 | Lair:6   | Reached skill level 14 in Axes
 31474 | Slime:1  | Entered Level 1 of the Pits of Slime
 31669 | Shoals:1 | Entered Level 1 of the Shoals
 31697 | Shoals:1 | Your ally Bogfrid died
 31718 | Shoals:1 | Reached skill level 10 in Throwing
 32532 | Shoals:1 | Noticed a kraken
 32552 | Shoals:1 | Killed a kraken
 32588 | Shoals:1 | Your ally Korbok died
 33199 | Shoals:1 | Gained Rocco as an ally
 33904 | Shoals:2 | Lost mutation: You are frail. (-10% HP) [potion of
                  | mutation]
 33904 | Shoals:2 | Lost mutation: You expend magic power (3 MP) to strengthen
                  | your wands. [potion of mutation]
 33904 | Shoals:2 | Gained mutation: You have a pair of small antennae on your
                  | head. [potion of mutation]
 33904 | Shoals:2 | Lost mutation: You are partially covered in slimy green
                  | scales. (AC +2) [potion of mutation]
 33904 | Shoals:2 | Gained mutation: You have a pair of antennae on your head.
                  | [potion of mutation]
 33904 | Shoals:2 | Gained mutation: You can translocate small distances at
                  | will. [potion of mutation]
 34609 | Shoals:2 | Reached skill level 15 in Axes
 34817 | Shoals:3 | Noticed Polyphemus
 34831 | Shoals:3 | Killed Polyphemus
 35291 | Shoals:3 | Noticed Louise
 35297 | Shoals:3 | Your ally Brandogh died
 35304 | Shoals:3 | Killed Louise
 35571 | Shoals:3 | Reached XP level 16. HP: 112/145 MP: 16/16
 36283 | Shoals:4 | Entered Level 4 of the Shoals
 36893 | Shoals:4 | Gained Bogdar as an ally
 36903 | Shoals:4 | Reached skill level 10 in Dodging
 37289 | Shoals:4 | Noticed Ilsuiw
 37301 | Shoals:4 | Reached skill level 16 in Axes
 37311 | Shoals:4 | Your ally Rocco died
 37315 | Shoals:4 | HP: 3/146 [water elemental[Ilsuiw] (10)]
 37317 | Shoals:4 | Slain by a merfolk javelineer

Skill      XL: |  1  2  3  4  5  6  7  8  9 10 11 12 13 14 15 16 |
---------------+-------------------------------------------------+-----
Fighting       | 4 5 6 7 8 10 11 12 13 14 | 14.1
Axes           | 3 4 5 6 8 9 10 11 12 13 15 16 | 16.0
Armour         | 4 5 6 7 8 9 10 11 12 13 | 13.1
Dodging        | 1 2 3 4 5 6 7 8 9 10 | 10.0
Shields        | 4 5 6 7 8 9 10 11 12 13 | 13.1
Throwing       | 1 2 3 4 5 6 7 8 9 10 | 10.8

Action                   |  1- 3 |  4- 6 |  7- 9 | 10-12 | 13-15 | 16-18 || total
-------------------------+-------+-------+-------+-------+-------+-------++-------
Melee: War axe           |   116 |     7 |       |       |       |       ||   123
       Broad axe         |       |   216 |   407 |   406 |   717 |   113 ||  1859
Invok: Convert to Beogh  |       |     1 |       |       |       |       ||     1
       Recall Orcish Fol |       |       |       |    12 |    14 |     2 ||    28
       Give Item to Name |       |       |       |     3 |     3 |     1 ||     7
       Smiting           |       |       |       |     1 |       |       ||     1
  Use: Scroll            |       |     8 |     8 |    12 |    15 |       ||    43
       Potion            |       |     1 |     8 |     2 |     6 |     1 ||    18
 Stab: Distracted        |       |       |       |     5 |     9 |       ||    14
  Eat: Chunk             |     1 |     5 |     4 |    23 |    18 |     4 ||    55
       Ration            |       |     1 |     4 |     5 |     8 |       ||    18
Armor: Scale mail        |    63 |   145 |   195 |   190 |       |       ||   593
       Plate armour      |       |       |       |    56 |   338 |    61 ||   455
Dodge: Dodged            |    61 |   104 |   158 |   240 |   256 |    47 ||   866
Block: Shield            |    61 |   143 |   244 |   357 |   326 |       ||  1131
       Large shield      |       |       |       |       |   286 |   184 ||   470
